 Dungeon Crawl Stone Soup version 0.30-a0-1050-g2766ea1e55 (webtiles) character file.

Game seed: 2328599972367491031

53 Arzdou the Insei (level 3, 0/23 HPs)
             Began as an Octopode Transmuter on Apr 10, 2023.
             Succumbed to an adder's poison
             ... on level 2 of the Dungeon.
             The game lasted 00:08:59 (965 turns).

Arzdou the Insei (Octopode Transmuter)               Turns: 965, Time: 00:08:59

Health: 0/23       AC:  1    Str:  9    XL:     3   Next: 89%
Magic:  5/6        EV: 13    Int: 17    God:
Gold:   85         SH:  0    Dex: 12    Spells: 3/6 levels left

rFire   . . .      SeeInvis .    f - +0 dagger
rCold   . . .      Faith    .    (no shield)
rNeg    . . .      Spirit   .    (helmet currently unavailable)
rPois   .          Reflect  .    (no amulet)
rElec   .          Rampage  .    (no ring)
rCorr   .                        (no ring)
Will    .....                    (no ring)
Stlth   +++                      (no ring)
HPRegen 0.23/turn                (no ring)
MPRegen 0.10/turn                (no ring)
                                 (no ring)
                                 (no ring)

@: lethally poisoned (0 -> -5), appendages
A: tentacle spike 3, almost no armour, amphibious, 8 rings, camouflage 1,
gelatinous body 1, (nimble swimmer 1), tentacles
a: End Transformation


You were on level 2 of the Dungeon.
One of your tentacles had grown a beastly spike.
You visited 1 branch of the dungeon, and saw 2 of its levels.

You collected 85 gold pieces.

Inventory:

Hand Weapons
 f - a +0 dagger (weapon)
Scrolls
 d - a scroll of poison {unknown}
 e - a scroll of acquirement {unknown}
 g - a scroll of fear {unknown}
Potions
 a - a potion of lignification
 b - a potion of curing {unknown}
 c - a potion of mutation {unknown}


   Skills:
 + Level 1.0 Fighting
 + Level 2.1 Dodging
 + Level 1.6 Stealth
 + Level 3.7 Unarmed Combat
 + Level 2.3 Spellcasting
 + Level 2.5 Transmutations


You had 3 spell levels left.
You knew the following spells:

 Your Spells              Type           Power      Damage    Failure   Level
a - Beastly Appendage     Tmut           20%        N/A       7%          1
b - Wereblood             Tmut           10%        N/A       10%         2

Your spell library contained the following spells:

 Spells                   Type           Power      Damage    Failure   Level
 Spider Form              Tmut/Pois      6%         N/A       32%         3
 Stone Arrow              Conj/Erth      4%         3d7       50%         3
 Ice Form                 Ice/Tmut       6%         N/A       73%         4
 Lehudib's Crystal Spear  Conj/Erth      1%         10d2      100%        8
 Animate Armour           Summ/Erth      Unusable   N/A       N/A         4

Dungeon Overview and Level Annotations

Branches:
Dungeon (2/15)

Altars:


Innate Abilities, Weirdness & Mutations

One of your tentacles has grown a beastly spike.
You cannot wear most types of armour.
You are amphibious.
You can wear up to eight rings at the same time.
Your skin changes colour to match your surroundings (Stealth+).
Your rubbery body absorbs attacks. (AC +1, EV +1)
((You are camouflaged when in or above water. (Stealth+)))
You have tentacles for arms and can constrict up to eight enemies at once.


Message History

You are poisoned.
The adder poisons you!
You completely miss the adder. You squeeze the adder.
The adder is severely wounded.
You howl as the wereblood boils in your veins!
You constrict the adder.
You feel sick.
You hear an angry hiss.
The adder bites you. x2
Casting: Beastly Appendage (safe; 7% risk of failure)
Confirm with . or Enter, or press ? or * to list all spells.
One of your tentacles grows a vicious spike.
Your primal bloodlust has ended.
You constrict the adder.
You kill the adder!
You feel sick. The kobold hits you with a +0 whip.
You are too injured to fight recklessly!
You are too injured to fight recklessly!
You are too injured to fight recklessly!
You barely miss the kobold. You grab the kobold.
You pierce the kobold.
You kill the kobold!
You feel sick.
A frilled lizard comes into view.
You feel sick. The adder completely misses you.
Things that are here:
a +0 whip; 2 stones; a kobold corpse You closely miss the adder.
You grab the adder. You constrict the adder.
You feel sick. The adder bites you.
* * * LOW HITPOINT WARNING * * *
You are lethally poisoned!
The adder poisons you! The adder bites you.
* * * LOW HITPOINT WARNING * * *
You hit the adder.
The adder is heavily wounded.
You constrict the adder.
* * * LOW HITPOINT WARNING * * *
You feel sick. The adder closely misses you.
You hit the adder but do no damage.
You pierce the adder.
The adder is severely wounded.
You constrict the adder.
You die...

.. #......... #..######
#........# ........###
##....###...
....?......##.....# #.#(
..............##..###.##
........####...#........
.............^..........
.......S..†...!.........
..#.l.@.#######........
.....###..# #........
...l ..../............
.. ###.############.. ..
##. #.. ## ... ...#


You could see an adder and a frilled lizard.

Vanquished Creatures
  2 adders (D:2)
  4 bats
  6 endoplasms (D:1)
  3 giant cockroaches
  4 goblins
  2 hobgoblins
  2 quokkas (D:1)
  2 ball pythons
  A frilled lizard (D:1)
  4 kobolds
  3 rats
33 creatures vanquished.

Notes
Turn   | Place    | Note
-------+----------+-------------------------------------------
     0 | D:1      | Arzdou the Octopode Transmuter began the quest for the Orb.
     0 | D:1      | Reached XP level 1. HP: 13/13 MP: 3/3
   151 | D:1      | Reached XP level 2. HP: 15/18 MP: 3/5
   157 | D:1      | Learned a level 2 spell: Wereblood
   372 | D:1      | Found a faded altar of an unknown god.
   635 | D:1      | Reached XP level 3. HP: 23/23 MP: 6/6
   641 | D:1      | Reached skill level 1 in Stealth
   964 | D:2      | HP: 1/23 [poisoned by an adder]
   965 | D:2      | Succumbed to an adder's poison

Illustrated notes

Levels and vault maps discovered:
D:1:      dpeg_arrival_tiny_e, layout_basic, ebering_ecumenical_altar_abandoned,
          wander_ebering_terrifying_dragon_lair
D:2:      layout_rooms, nicolae_kite_square_tiling_tiny,
          kennysheep_jessica_study

Skill      XL: |  1  2  3 |
---------------+----------+-----
Stealth        | 1 |  1.6
Fighting       | |  1.0
Dodging        | |  2.1
Unarmed Combat | |  3.7
Spellcasting   | |  2.3
Transmutations | |  2.5

Action                     || total
---------------------------++-------
  Melee: Unarmed           ||    36
         Tentacles         ||    12
         Kick              ||     7
         Constrict         ||    16
         Dagger            ||    35
   Cast: Beastly Appendage ||     6
         Wereblood         ||     5
   Stab: Sleeping          ||     6
 Armour: Skin              ||     5
  Dodge: Dodged            ||    47

Table legend: (Time is in decaauts)
 A = Elapsed time spent in this place.
 B = Non-inter-level travel time spent in this place.
 C = Inter-level travel time spent in this place.
 D = Time resting spent in this place.
 E = Time spent auto-exploring this place.
 F = Levels seen in this place.
 G = Mean time per level.
                   A        B        C        D        E       F      G
               +--------+--------+--------+--------+--------+-----+--------+
         Total |    962 |    943 |     19 |      0 |    654 |   2 |  481.0 |
       Dungeon |    962 |    943 |     19 |      0 |    654 |   2 |  481.0 |
               +--------+--------+--------+--------+--------+-----+--------+

Top non-repeatable levels by time:
     D:1: 816 daAuts
     D:2: 145 daAuts
